 Dungeon Crawl Stone Soup version 0.25-a0-253-g6f1b5d974a (webtiles) character file.

Game seed: 1005448086678371055, levelgen mode: deterministic

71 night the Firebug (level 4, -5/30 HPs)
             Began as a Demonspawn Fire Elementalist on Dec 5, 2019.
             Slain by an ogre
             ... wielding a +0 giant club
              (30 damage)
             ... on level 2 of the Dungeon.
             The game lasted 00:06:27 (2476 turns).

night the Firebug (Demonspawn Fire Elementalist)    Turns: 2476, Time: 00:06:28

Health: -5/30      AC:  2    Str:  9    XL:     4   Next: 5%
Magic:  4/8        EV: 12    Int: 17    God:
Gold:   61         SH:  0    Dex: 15    Spells: 7/8 levels left

rFire    . . .     SeeInvis .   (no weapon)
rCold    . . .     Gourm    .   (no shield)
rNeg     . . .     Faith    .   a - +0 robe
rPois    .         Spirit   .   (no helmet)
rElec    .         Reflect  .   (no cloak)
rCorr    .         Harm     .   (no gloves)
MR       .....                  (no boots)
Stlth    ++........             (no amulet)
HPRegen  0.10/turn              i - +2 ring of dexterity
MPRegen  0.11/turn              (no ring)

@: no status effects
A: powered by death 2
a: no special abilities


You were on level 2 of the Dungeon.
You were not hungry.

You visited 1 branch of the dungeon, and saw 3 of its levels.

You collected 61 gold pieces.

Inventory:

Missiles
 k - 17 bolts
 m - 33 arrows
Armour
 a - a +0 robe (worn)
Jewellery
 i - a +2 ring of dexterity (left hand)
 l - a cursed ring of teleportation {unknown}
Scrolls
 b - a scroll of magic mapping {unknown}
 d - 2 scrolls of amnesia {unknown}
 g - 8 scrolls of identify {unknown}
 j - 2 scrolls of teleportation {unknown}
Potions
 e - a potion of flight
 h - a potion of curing {unknown}
Comestibles
 c - 2 rations
 f - 6 chunks of flesh


   Skills:
 - Level 1.7 Dodging
 - Level 1.7 Stealth
 + Level 2.8 Spellcasting
 + Level 2.3 Conjurations
 + Level 3.4 Fire Magic


You had 7 spell levels left.
You knew the following spells:

 Your Spells              Type           Power        Failure   Level  Hunger
a - Foxfire               Conj/Fire      ##..         5%          1    #......

Your spell library contained the following spells:

 Spells                   Type           Power        Failure   Level  Hunger
 Conjure Flame            Conj/Fire      ##......     17%         3    ###....
 Inner Flame              Hex/Fire       #.......     26%         3    ###....
 Sticky Flame             Conj/Fire      ##......     50%         4    #####..
 Fireball                 Conj/Fire      ##........   83%         5    ######.


Dungeon Overview and Level Annotations

Branches:
Dungeon (3/15)

Altars:


Innate Abilities, Weirdness & Mutations

You regenerate health from kills.


Message History

The foxfire hits the ogre.
The ogre is moderately wounded.
Casting: Foxfire (safe; 5% risk of failure)
Confirm with . or Enter, or press ? or * to list all spells.
You conjure some foxfire!
The ogre barely misses you.
The foxfire hits the ogre.
The ogre is heavily wounded.
The foxfire hits the ogre but does no damage.
The ogre is heavily wounded.
The ogre hits you with a +0 giant club.
Casting: Foxfire (safe; 5% risk of failure)
Confirm with . or Enter, or press ? or * to list all spells.
You conjure some foxfire!
The foxfire hits the ogre.
The ogre is heavily wounded.
The foxfire hits the ogre.
The ogre is severely wounded.
The ogre hits you with a +0 giant club!!
Ouch! That really hurt!
You die...

...# ... # ..# %.#
#.# #.#
###.#####O##.#
.........@...#
##.###.###..#
#...#.# .# #
###...#.###..#
.#.##......<.....#
............###.##
##.......#
#.####...#.###
#†............


You could see an ogre.

Vanquished Creatures
  An adder (D:2)
  An ooze (D:2)
  3 dart slugs
  2 leopard geckos (D:1)
  3 orcs (D:3)
  6 bats
  4 giant cockroaches
  5 goblins
  6 hobgoblins
  6 kobolds
  3 quokkas (D:2)
  3 rats
43 creatures vanquished.

Vanquished Creatures (others)
  138 foxfires
138 creatures vanquished.

Grand Total: 181 creatures vanquished

Notes
Turn   | Place    | Note
-------+----------+-------------------------------------------
     0 | D:1      | night the Demonspawn Fire Elementalist began the quest for
                  | the Orb.
     0 | D:1      | Reached XP level 1. HP: 13/13 MP: 3/3
   530 | D:1      | Gained mutation: You regenerate a little health from kills.
                  | [demonic ancestry]
   530 | D:1      | Reached XP level 2. HP: 19/19 MP: 1/5
   731 | D:1      | Reached skill level 3 in Fire Magic
  1523 | D:2      | Reached XP level 3. HP: 24/24 MP: 2/6
  2408 | D:2      | Gained mutation: You regenerate health from kills. [demonic
                  | ancestry]
  2408 | D:2      | Reached XP level 4. HP: 29/30 MP: 4/8
  2467 | D:2      | Noticed an ogre
  2476 | D:2      | Slain by an ogre

Levels and vault maps discovered:
D:1:      roderic_crop_circles_arrival_small, layout_basic
D:2:      layout_loops_ring, lemuel_coloured_pillars_altar, glass_columns_c
D:3:      layout_basic, overflow_temple_1_default, first_ration, uniq_natasha,
          uniq_sigmund

Skill      XL: |  1  2  3 |
---------------+----------+-----
Fire Magic     | 3 |  3.4
Conjurations   | 2 |  2.3
Dodging        | |  1.7
Stealth        | |  1.7
Spellcasting   | |  2.8

Action                   |  1- 3 |  4- 6 || total
-------------------------+-------+-------++-------
Melee: Unarmed           |    43 |       ||    43
 Cast: Foxfire           |    75 |     6 ||    81
  Use: Potion            |     2 |       ||     2
  Eat: Chunk             |     5 |       ||     5
Armor: Robe              |    17 |       ||    17
Dodge: Dodged            |    64 |     1 ||    65

Table legend:
 A = Non-vault XP
 B = Vault XP
 C = Vault XP percentage of total XP
 D = Non-vault monster count
 E = Vault monster count
 F = Vault count percentage of total count
                 A         B        C        D         E       F
            +---------+---------+-------+---------+---------+-------
      Total |     102 |       0 |   0.0 |      43 |       0 |   0.0
            +---------+---------+-------+---------+---------+-------
        D:1 |      40 |       0 |   0.0 |      20 |       0 |   0.0
        D:2 |      49 |       0 |   0.0 |      18 |       0 |   0.0
        D:3 |      13 |       0 |   0.0 |       5 |       0 |   0.0
            +---------+---------+-------+---------+---------+-------
